AoeStats
← astract

Black Forest

503204114Analyzed
3v3 RM · 1mo ago on Aug 30, 2026· 51m 4s· 6 players
Game mode
Random Map
Map size
Normal (6 player)
Population
200
Speed
Normal
Resources
Standard
Victory
Conquest
Starting age
Dark Age
Ending age
Imperial Age
RankedLock teamsTeams togetherTeam positionsShared explorationLock speedFull tech treeHidden civsTurbo modeCheats
Victory
Defeat
🇨🇿 Bohemians · Czechia
878
+15
🇨🇱 Khitans · Chile
849
+16
🇨🇿 Maya · Czechia
816
+18
🇨🇳 Khitans · China
895
-18
🇮🇳 Franks · India
870
-17
🇮🇹 Persians · Italy
805
-14
Ja to nebyl2700
0:56 Loom
16:02 Feudal Age
21:20 Castle Age
19:23 Double-Bit Axe
20:58 Horse Collar
23:03 Heavy Plow
30:49 Wheelbarrow
30:29 Bow Saw
33:14 Chemistry
36:16 Imperial Age
35:06 Ballistics
36:05 Hand Cart
35:24 Pikeman
36:04 Squires
37:03 Halberdier
38:20 Conscription
38:45 Forging
38:36 Scale Mail Armor
38:45 Elite Hussite Wagon
41:27 Caravan
42:37 Two-Man Saw
41:26 Town Watch
41:43 Murder Holes
46:11 Iron Casting
45:52 Chain Mail Armor
48:57 Blast Furnace
48:28 Plate Mail Armor
47:23 Houfnice
Eldoren_1987
0:26 Loom
11:37 Feudal Age
13:04 Double-Bit Axe
19:08 Castle Age
17:45 Horse Collar
18:15 Arson
21:06 Bow Saw
20:29 Eagle Warrior
21:10 Squires
21:21 Scale Mail Armor
21:31 Forging
23:11 Wheelbarrow
22:22 Town Watch
25:28 Crossbowman
27:18 Padded Archer Armor
27:09 Fletching
27:01 Elite Skirmisher
28:11 Gold Mining
28:29 Stone Mining
30:03 Hand Cart
29:44 Pikeman
31:09 Stone Shaft Mining
31:13 Ballistics
35:27 Imperial Age
33:39 Heavy Plow
35:17 Hul'che Javelineers
37:57 Two-Man Saw
36:43 Treadmill Crane
37:51 Halberdier
38:56 Chain Mail Armor
39:17 Iron Casting
38:38 Bodkin Arrow
38:58 Thumb Ring
39:39 Town Patrol
40:37 Elite Plumed Archer
41:38 Conscription
40:47 Arbalester
44:31 Bracer
44:47 Leather Archer Armor
45:37 Chemistry
44:34 Murder Holes
44:37 Elite Eagle Warrior
48:16 Caravan
50:33 Ring Archer Armor
50:34 Plate Mail Armor
51:05 Blast Furnace
51:13 Holcans
AlpineXtrem
0:36 Loom
15:45 Feudal Age
17:10 Double-Bit Axe
17:33 Domestication
19:54 Castle Age
20:03 Wheelbarrow
21:59 Bow Saw
23:49 Gold Mining
25:50 Pastoralism
26:58 Forging
28:13 Caravan
29:47 Hand Cart
29:38 Town Watch
35:12 Imperial Age
32:45 Squires
32:34 Arson
32:52 Scale Mail Armor
32:35 Treadmill Crane
33:29 Stone Mining
33:42 Town Patrol
33:57 Lamellar Armor
35:18 Iron Casting
34:59 Chain Mail Armor
34:59 Husbandry
35:11 Heavy Cavalry Archer
35:57 Thumb Ring
35:56 Padded Archer Armor
35:46 Fletching
36:03 Scale Barding Armor
36:25 Elite Fire Lancer
37:57 Stone Shaft Mining
38:14 Parthian Tactics
38:36 Conscription
38:40 Elite Liao Dao
40:07 Plate Mail Armor
41:50 Ordo Cavalry
41:54 Bodkin Arrow
42:20 Chain Barding Armor
43:44 Bracer
45:47 Chemistry
45:08 Ballistics
49:10 Plate Barding Armor
ArChAiuS I
14:45 Feudal Age
15:52 Double-Bit Axe
15:51 Horse Collar
23:29 Castle Age
21:46 Gold Mining
22:39 Stone Mining
26:18 Caravan
29:48 Stone Shaft Mining
29:32 Heavy Plow
32:20 Gold Shaft Mining
32:00 Bow Saw
37:08 Imperial Age
35:10 Fletching
38:07 Conscription
39:13 Bodkin Arrow
astract
11:31 Feudal Age
12:39 Double-Bit Axe
18:57 Castle Age
20:52 Bow Saw
24:48 Wheelbarrow
25:35 Husbandry
33:17 Husbandry
41:01 Imperial Age
38:47 Hand Cart
38:17 Town Watch
41:44 Fortified Wall
41:31 Murder Holes
42:44 Chemistry
42:05 Ballistics
41:56 Siphons
41:57 Siege Engineers
42:03 Masonry
41:44 Arrowslits
41:30 Cavalier
42:32 Forging
42:28 Scale Barding Armor
46:32 Hoardings
46:17 Conscription
45:21 Elite Throwing Axeman
45:42 Elite Throwing Axeman
46:57 Hoardings
47:53 Chain Barding Armor
48:09 Iron Casting
47:14 Elite Skirmisher
48:47 Fletching
48:57 Padded Archer Armor
桂花折枝为谁落
14:11 Feudal Age
15:50 Double-Bit Axe
18:39 Castle Age
22:43 Domestication
24:51 Pastoralism
25:30 Stone Mining
30:41 Imperial Age
28:51 Wheelbarrow
29:16 Ballistics
29:46 Thumb Ring
29:05 Man-at-Arms
29:47 Squires
29:32 Arson
30:58 Murder Holes
30:30 Long Swordsman
30:56 Gambesons
30:57 Arson
31:28 Forging
32:04 Two-Handed Swordsman
33:25 Iron Casting
32:50 Scale Mail Armor
33:28 Conscription
34:12 Transhumance
34:53 Hand Cart
35:12 Chain Mail Armor
35:01 Light Cavalry
35:42 Husbandry
37:33 Chemistry
38:27 Lamellar Armor
37:44 Elite Liao Dao
38:21 Heavy Rocket Cart
40:18 Bow Saw
44:43 Champion
47:10 Plate Mail Armor
46:41 Padded Archer Armor
46:31 Fletching
46:46 Capped Ram
47:40 Siege Ram
48:37 Hussar
Connection lost

Rejoining the realm…

Still unreachable

The connection could not be restored.

Session expired

The server has moved on; the page needs a fresh start.